 Dungeon Crawl Stone Soup version 0.15-a0-700-g1e7878b (webtiles) character file.

93 tizzy the Chopper (level 4, 0/35 HPs)
             Began as a Demonspawn Fighter on May 9, 2014.
             Slain by an orc (1 damage)
             ... on Level 4 of the Dungeon.
             The game lasted 00:05:16 (1626 turns).

tizzy the Chopper (Demonspawn Fighter)              Turns: 1626, Time: 00:05:17

HP   0/35        AC  8     Str 23      XL: 4   Next: 37%
MP   4/4         EV  5     Int  9      God:
Gold 97          SH 18     Dex 12      Spells:  0 memorised,  3 levels left

rFire  . . .     SeeInvis .     a - +0 war axe
rCold  . . .     Clarity  .     u - +0 chain mail
rNeg   . . .     Conserve .     c - +0 shield
rPois  .         rCorr    .     (helmet restricted)
rElec  .         rRot     .     (no cloak)
SustAb . .       Spirit   .     (no gloves)
rMut   .         Warding  .     (no boots)
Saprov . . .     Stasis   .     (no amulet)
MR     .....                    (no ring)
                                (no ring)

@: mighty, not resistant to hostile enchantments, extremely unstealthy
A: horns 1, powered by pain 1
a: no special abilities


You were on level 4 of the Dungeon.
You were very hungry.

You visited 1 branch of the dungeon, and saw 4 of its levels.

You collected 97 gold pieces.

Inventory:

Hand weapons
 a - a +0,+0 war axe (weapon)
Missiles
 h - a throwing net (quivered)
 m - 6 tomahawks
Armour
 b - a +0 scale mail
 c - a +0 shield (worn)
 u - a +0 chain mail (worn)
Magical devices
 v - a wand of random effects (12) {unknown}
Comestibles
 d - 2 bread rations
 f - an orange
 l - a sausage
 t - a rotting chunk of goblin flesh
Scrolls
 g - 6 scrolls of identify {unknown}
 i - a scroll of enchant weapon I {unknown}
 j - a scroll of blinking {unknown}
 k - a scroll of random uselessness {unknown}
 n - 2 scrolls of fear {unknown}
 o - 3 scrolls of remove curse {unknown}
 p - a scroll of amnesia {unknown}
 r - a scroll of recharging {unknown}
Potions
 e - a potion of might


   Skills:
 - Level 3.0 Fighting
 * Level 4.2 Axes
 - Level 2.6 Armour
 - Level 2.6 Shields


You had 3 spell levels left.
You didn't know any spells.

Dungeon Overview and Level Annotations

Branches:
Dungeon (4/15)
 Temple: D:4-7

Altars:
Yredelemnul


Innate Abilities, Weirdness & Mutations

You have a pair of small horns on your head.
You sometimes gain a little power by taking damage.


Message History

Drink which item? (? for menu, Esc to quit)
You feel very mighty all of a sudden.
The orc wizard mumbles some strange words.
The orc wizard blinks!
The orc hits you but does no damage.
You closely miss the orc. Your headbutt misses the orc.
The orc is heavily wounded.
The orc wizard casts a spell.
The orc wizard blinks!
The orc wizard gestures at you while chanting.
The magic dart hits you!
* * * LOW HITPOINT WARNING * * *
The orc hits you but does no damage.
You slash the orc!
You kill the orc!
The orc hits you but does no damage.
Unknown command.
You closely miss the orc wizard. Your headbutt misses the orc wizard.
The orc wizard is lightly wounded.
You block the orc wizard's attack. The orc hits you.
You die...

#.###.........#.....#
#.# #.#######.#.###.#
#.# #.# #<....#.# #.#
#.###.#########.###.#
#...................#
#####...........#####
###########.# #o# #@#
#o# #.# #.# ... #.#
#.# #.# #.#


You could see an orc wizard and an orc.

Vanquished Creatures
  3 adders
  A giant gecko (D:3)
  3 oozes
  3 orcs
  4 giant cockroaches
  5 hobgoblins
  3 kobolds (D:1)
  9 bats
  6 giant newts
  11 goblins
  4 jackals (D:2)
  A quokka (D:2)
  5 rats
58 creatures vanquished.

Notes
Turn   | Place    | Note
--------------------------------------------------------------
     0 | D:1      | tizzy, the Demonspawn Fighter, began the quest for the Orb.
     0 | D:1      | Reached XP level 1. HP: 18/18 MP: 1/1
   136 | D:1      | Gained mutation: You have a pair of small horns on your head. [demonic ancestry]
   136 | D:1      | Reached XP level 2. HP: 13/24 MP: 2/2
   562 | D:2      | Reached XP level 3. HP: 26/29 MP: 3/3
  1127 | D:3      | Gained mutation: You sometimes gain a little power by taking damage. [demonic ancestry]
  1127 | D:3      | Reached XP level 4. HP: 33/35 MP: 4/4
  1149 | D:3      | Reached skill level 4 in Axes
  1414 | D:3      | Found a basalt altar of Yredelemnul.
  1621 | D:4      | HP: 1/35 [orc/trident (6)]
  1626 | D:4      | Slain by an orc

Action                   |  1- 3 |  4- 6 || total
-------------------------+-------+-------++-------
Melee: War axe           |   115 |    42 ||   157
  Use: Potion            |       |     3 ||     3
